| TOP OF THE 1ST |
|
Greensboro Grasshoppers batting - Pitching for Atlanta (MID) Braves : RHP Gabe Fillmore
|
|
Pitching: RHP Gabe Fillmore
|
|
|
Batting: RHB Tom Thompson
|
0-0: Called Strike 0-1: Ball 1-1: Ball 2-1: Swinging Strike 2-2: Foul Ball, location: 2F 2-2: Ball 3-2: Strikes out swinging
|
|
Batting: LHB Angelo Estrella
|
0-0: Called Strike 0-1: Fly out, F8 (Flyball, 78D, EV 85.6 MPH)
|
|
Batting: LHB Dong-u Chang
|
0-0: Ball 1-0: Ball 2-0: Called Strike 2-1: SINGLE (Groundball, 34D, EV 95.0 MPH)
|
|
Batting: RHB Miguel Velasco
|
0-0: Ball 1-0: Ball 2-0: Foul Ball, location: 2F 2-1: SINGLE (Groundball, 4D, EV 98.1 MPH) Dong-u Chang to second
|
|
Batting: LHB Justin Blakely
|
0-0: Called Strike 0-1: Called Strike 0-2: Foul Ball, location: 2F 0-2: Ball 1-2: Ground out 4-3 (Groundball, 4, EV 91.2 MPH)
|
| Top of the 1st over - 0 runs, 2 hits, 0 errors, 2 left on base; Greensboro 0 - Atlanta (MID) 0 |
| BOTTOM OF THE 1ST |
|
Atlanta (MID) Braves batting - Pitching for Greensboro Grasshoppers : LHP Byron Copeland
|
|
Pitching: LHP Byron Copeland
|
|
|
Batting: LHB Eric Jackson
|
0-0: SINGLE (Groundball, 34D, EV 94.4 MPH)
|
|
Batting: RHB Chris Trites
|
0-0: Ball 1-0: Called Strike 1-1: Called Strike 1-2: Ball 2-2: Strikes out looking
|
|
Batting: LHB Tamaichi Sasada
|
0-0: Ball 1-0: Called Strike 1-1: Swinging Strike 1-2: Strikes out swinging
|
|
Batting: RHB Josh McCormick
|
0-0: Called Strike 0-1: Fly out, F8 (Flyball, 8RD, EV 102.5 MPH)
|
| Bottom of the 1st over - 0 runs, 1 hit, 0 errors, 1 left on base; Greensboro 0 - Atlanta (MID) 0 |
| TOP OF THE 2ND |
|
Greensboro Grasshoppers batting - Pitching for Atlanta (MID) Braves : RHP Gabe Fillmore
|
|
Batting: LHB Ryan Thompson
|
0-0: Ball 1-0: Ball 2-0: Called Strike 2-1: Foul Ball, location: 2F 2-2: Ball 3-2: Strikes out swinging
|
|
Batting: RHB J.D. Vander Klok
|
0-0: Called Strike 0-1: Ball 1-1: Swinging Strike 1-2: Strikes out swinging
|
|
Batting: RHB Dennis Coppolino
|
0-0: Ball 1-0: Swinging Strike 1-1: Ball 2-1: Ground out 5-3 (Groundball, 5L, EV 81.9 MPH)
|
| Top of the 2nd over - 0 runs, 0 hits, 0 errors, 0 left on base; Greensboro 0 - Atlanta (MID) 0 |
| BOTTOM OF THE 2ND |
|
Atlanta (MID) Braves batting - Pitching for Greensboro Grasshoppers : LHP Byron Copeland
|
|
Batting: SHB Brett McEwen
|
0-0: Ball 1-0: Ball 2-0: Ball 3-0: Foul Ball, location: 2F 3-1: Called Strike 3-2: Base on Balls
|
|
Batting: RHB Nick Holsinger
|
0-0: Foul Ball, location: 2F 0-1: Called Strike 0-2: Foul Ball, location: 2F 0-2: Ball 1-2: Ball 2-2: SINGLE (Groundball, 6MD, EV 94.4 MPH) Brett McEwen to second
|
|
Batting: RHB Alex Campos
|
0-0: Ball 1-0: Ball 2-0: Ball 3-0: Base on Balls Brett McEwen to third Nick Holsinger to second
|
|
Batting: RHB Adonis Jenifer
|
0-0: Called Strike 0-1: Called Strike 0-2: Ball 1-2: Strikes out swinging
|
|
Batting: RHB Gabe Allen
|
0-0: Ball 1-0: SINGLE (Groundball, 6MD, EV 106.9 MPH) Brett McEwen scores Nick Holsinger to third Alex Campos to second Runner from 3rd tries for Home, SAFE, throw by CF to home
|
|
Batting: LHB Eric Jackson
|
0-0: Ball 1-0: Ball 2-0: Called Strike 2-1: Ball 3-1: Base on Balls Alex Campos to third Gabe Allen to second
|
|
Batting: RHB Chris Trites
|
0-0: Called Strike 0-1: Foul Ball, location: 2F 0-2: Foul Ball, location: 2F 0-2: Strikes out swinging
|
|
Batting: LHB Tamaichi Sasada
|
0-0: SINGLE (Groundball, 4D, EV 95.6 MPH) Alex Campos scores Gabe Allen to third Eric Jackson to second Runner from 3rd tries for Home, SAFE, throw by RF to home
|
|
Batting: RHB Josh McCormick
|
0-0: Called Strike 0-1: Ground out 5-3 (Groundball, 56S, EV 70.0 MPH)
|
| Bottom of the 2nd over - 4 runs, 3 hits, 0 errors, 2 left on base; Greensboro 0 - Atlanta (MID) 4 |
| TOP OF THE 3RD |
|
Greensboro Grasshoppers batting - Pitching for Atlanta (MID) Braves : RHP Gabe Fillmore
|
|
Batting: RHB Nick Dunton
|
0-0: Fly out, F7 (Flyball, 7LSF, EV 83.1 MPH)
|
|
Batting: RHB Tom Thompson
|
0-0: Foul Ball, location: 2F 0-1: Ball 1-1: Ball 2-1: Ball 3-1: Fly out, F9 (Flyball, 9LS, EV 94.4 MPH)
|
|
Batting: LHB Angelo Estrella
|
0-0: DOUBLE (Line Drive, 78XD, EV 105.0 MPH)
|
|
Batting: LHB Dong-u Chang
|
0-0: Ball 1-0: Called Strike 1-1: Fly out, F7 (Flyball, 7, EV 91.9 MPH)
|
| Top of the 3rd over - 0 runs, 1 hit, 0 errors, 1 left on base; Greensboro 0 - Atlanta (MID) 4 |
| BOTTOM OF THE 3RD |
|
Atlanta (MID) Braves batting - Pitching for Greensboro Grasshoppers : LHP Byron Copeland
|
|
Batting: SHB Brett McEwen
|
0-0: Foul Ball, location: 2F 0-1: Ball 1-1: Foul Ball, location: 2F 1-2: Ball 2-2: SOLO HOME RUN (Flyball, 9D, EV 93.8 MPH), Distance : 352 ft
|
|
Batting: RHB Nick Holsinger
|
0-0: Ball 1-0: SINGLE (Line Drive, 56, EV 96.9 MPH)
|
|
Batting: RHB Alex Campos
|
0-0: Ball 1-0: Foul Ball, location: 2F 1-1: Ball 2-1: Foul Ball, location: 2F 2-2: Ball 3-2: Grounds into double play, 6-4-3 (Groundball, 6, EV 103.1 MPH)
|
|
Batting: RHB Adonis Jenifer
|
0-0: Called Strike 0-1: Ball 1-1: Called Strike 1-2: Ground out 4-3 (Groundball, 4, EV 101.2 MPH)
|
| Bottom of the 3rd over - 1 run, 2 hits, 0 errors, 0 left on base; Greensboro 0 - Atlanta (MID) 5 |
| TOP OF THE 4TH |
|
Greensboro Grasshoppers batting - Pitching for Atlanta (MID) Braves : RHP Gabe Fillmore
|
|
Batting: RHB Miguel Velasco
|
0-0: Swinging Strike 0-1: Called Strike 0-2: SINGLE (Groundball, 4MD, EV 107.5 MPH)
|
|
Batting: LHB Justin Blakely
|
0-0: Ground out 6-3 (Groundball, 6MS, EV 81.2 MPH) Miguel Velasco to second
|
|
Batting: LHB Ryan Thompson
|
0-0: Foul Ball, location: 2F 0-1: Ball 1-1: Ball 2-1: Swinging Strike 2-2: Strikes out swinging
|
|
Batting: RHB J.D. Vander Klok
|
0-0: Ball 1-0: Called Strike 1-1: Fly out, F9 (Flyball, 9, EV 88.8 MPH)
|
| Top of the 4th over - 0 runs, 1 hit, 0 errors, 1 left on base; Greensboro 0 - Atlanta (MID) 5 |
| BOTTOM OF THE 4TH |
|
Atlanta (MID) Braves batting - Pitching for Greensboro Grasshoppers : LHP Byron Copeland
|
|
Batting: RHB Gabe Allen
|
0-0: Foul Ball, location: 2F 0-1: Ball 1-1: Ball 2-1: Foul Ball, location: 2F 2-2: Strikes out swinging
|
|
Batting: LHB Eric Jackson
|
0-0: Called Strike 0-1: Ball 1-1: Ball 2-1: Foul Ball, location: 2F 2-2: Foul Ball, location: 2F 2-2: Foul Ball, location: 2F 2-2: Ball 3-2: Base on Balls
|
|
Batting: RHB Chris Trites
|
0-0: Ball 1-0: Called Strike Eric Jackson steals 2nd base 1-1: Foul Ball, location: 2F 1-2: 2-RUN HOME RUN (Flyball, 9D, EV 96.2 MPH), Distance : 366 ft
|
|
Pitching: RHP Adam Brown
|
|
|
Batting: LHB Tamaichi Sasada
|
0-0: Ball 1-0: Called Strike 1-1: Ball 2-1: Ground out 5-3 (Groundball, 15, EV 89.4 MPH)
|
|
Batting: RHB Josh McCormick
|
0-0: Ball 1-0: Ball 2-0: Ground out 6-3 (Groundball, 6M, EV 84.4 MPH)
|
| Bottom of the 4th over - 2 runs, 1 hit, 0 errors, 0 left on base; Greensboro 0 - Atlanta (MID) 7 |
| TOP OF THE 5TH |
|
Greensboro Grasshoppers batting - Pitching for Atlanta (MID) Braves : RHP Gabe Fillmore
|
|
Batting: RHB Dennis Coppolino
|
0-0: Ball 1-0: Called Strike 1-1: Foul Ball, location: 2F 1-2: Strikes out looking
|
|
Batting: RHB Nick Dunton
|
0-0: Foul Ball, location: 2F 0-1: DOUBLE (Line Drive, 9LS, EV 98.1 MPH)
|
|
Batting: RHB Tom Thompson
|
0-0: Ball 1-0: Foul Ball, location: 2F 1-1: Fly out, F8 (Line Drive, 8RD, EV 88.1 MPH)
|
|
Batting: LHB Angelo Estrella
|
0-0: Called Strike 0-1: Ball 1-1: Foul Ball, location: 2F 1-2: Ball 2-2: Foul Ball, location: 2F 2-2: Foul Ball, location: 2F 2-2: Foul Ball, location: 2F 2-2: TRIPLE (Line Drive, 78XD, EV 104.4 MPH) Nick Dunton scores
|
|
Batting: LHB Dong-u Chang
|
0-0: Ball 1-0: Called Strike 1-1: Foul Ball, location: 2F 1-2: Ball 2-2: Ball 3-2: Strikes out swinging
|
| Top of the 5th over - 1 run, 2 hits, 0 errors, 1 left on base; Greensboro 1 - Atlanta (MID) 7 |
| BOTTOM OF THE 5TH |
|
Atlanta (MID) Braves batting - Pitching for Greensboro Grasshoppers : RHP Adam Brown
|
|
Batting: SHB Brett McEwen
|
0-0: Ball 1-0: Called Strike 1-1: Ball 2-1: Swinging Strike 2-2: Strikes out looking
|
|
Batting: RHB Nick Holsinger
|
0-0: Called Strike 0-1: Ball 1-1: Swinging Strike 1-2: Ball 2-2: Foul Ball, location: 2F 2-2: Foul Ball, location: 2F 2-2: Strikes out swinging
|
|
Batting: RHB Alex Campos
|
0-0: Ball 1-0: Ball 2-0: Called Strike 2-1: Foul Ball, location: 2F 2-2: Fly out, F9 (Line Drive, 9S, EV 94.4 MPH)
|
| Bottom of the 5th over - 0 runs, 0 hits, 0 errors, 0 left on base; Greensboro 1 - Atlanta (MID) 7 |
| TOP OF THE 6TH |
|
Greensboro Grasshoppers batting - Pitching for Atlanta (MID) Braves : RHP Gabe Fillmore
|
|
Batting: RHB Miguel Velasco
|
0-0: Fly out, F3 (Line Drive, 34, EV 73.8 MPH)
|
|
Batting: LHB Justin Blakely
|
0-0: Called Strike 0-1: SINGLE (Line Drive, 9S, EV 103.1 MPH)
|
|
Batting: LHB Ryan Thompson
|
0-0: Called Strike 0-1: Ball 1-1: Swinging Strike 1-2: Strikes out swinging
|
|
Batting: RHB J.D. Vander Klok
|
0-0: Called Strike 0-1: Fly out, F3 (Popup, 34, EV 66.2 MPH)
|
| Top of the 6th over - 0 runs, 1 hit, 0 errors, 1 left on base; Greensboro 1 - Atlanta (MID) 7 |
| BOTTOM OF THE 6TH |
|
Atlanta (MID) Braves batting - Pitching for Greensboro Grasshoppers : RHP Adam Brown
|
|
Batting: RHB Adonis Jenifer
|
0-0: Foul Ball, location: 2F 0-1: Ball 1-1: Ground out 1-3 (Groundball, 34S, EV 66.9 MPH)
|
|
Batting: RHB Gabe Allen
|
0-0: Foul Ball, location: 2F 0-1: Ball 1-1: Ball 2-1: Ball 3-1: Fly out, F7 (Flyball, 78M, EV 89.4 MPH)
|
|
Batting: LHB Eric Jackson
|
0-0: Called Strike 0-1: Foul Ball, location: 2F 0-2: Ball 1-2: Fly out, F7 (Flyball, 7, EV 89.4 MPH)
|
| Bottom of the 6th over - 0 runs, 0 hits, 0 errors, 0 left on base; Greensboro 1 - Atlanta (MID) 7 |
| TOP OF THE 7TH |
|
Greensboro Grasshoppers batting - Pitching for Atlanta (MID) Braves : RHP Gabe Fillmore
|
|
Batting: RHB Dennis Coppolino
|
0-0: Ball 1-0: Ball 2-0: Called Strike 2-1: DOUBLE (Groundball, 5L, EV 105.6 MPH)
|
|
Batting: RHB Nick Dunton
|
0-0: Called Strike 0-1: Ball 1-1: Fly out, F8 (Flyball, 8RXD, EV 91.9 MPH) Runner from 2nd tags up, SAFE at 3rd, no throw by CF
|
|
Batting: RHB Tom Thompson
|
0-0: Ball 1-0: Foul Ball, location: 2F 1-1: Ball 2-1: Foul Ball, location: 2F 2-2: Strikes out looking
|
|
Pitching: RHP Dan Spahn
|
|
|
Batting: LHB Angelo Estrella
|
0-0: Called Strike 0-1: Swinging Strike 0-2: Fly out, F6 (Popup, 6, EV 55.6 MPH)
|
| Top of the 7th over - 0 runs, 1 hit, 0 errors, 1 left on base; Greensboro 1 - Atlanta (MID) 7 |
| BOTTOM OF THE 7TH |
|
Atlanta (MID) Braves batting - Pitching for Greensboro Grasshoppers : RHP Adam Brown
|
|
Batting: RHB Chris Trites
|
0-0: Called Strike 0-1: Ball 1-1: Called Strike 1-2: Ball 2-2: Fly out, F9 (Flyball, 89S, EV 89.4 MPH)
|
|
Batting: LHB Tamaichi Sasada
|
0-0: Ball 1-0: SINGLE (Groundball, 6MD, EV 98.8 MPH)
|
|
Pitching: RHP Matt Alexander
|
|
|
Batting: RHB Josh McCormick
|
0-0: Foul Ball, location: 2F 0-1: Called Strike Tamaichi Sasada steals 2nd base 0-2: Ground out 4-3 (Groundball, 4S, EV 73.1 MPH) Tamaichi Sasada to third
|
|
Batting: SHB Brett McEwen
|
0-0: Ball 1-0: SINGLE (Groundball, 6D, EV 106.2 MPH) Tamaichi Sasada scores
|
|
Batting: RHB Nick Holsinger
|
0-0: Foul Ball, location: 2F 0-1: Ball 1-1: Foul Ball, location: 2F 1-2: Ball 2-2: Reached on error, E1 (Groundball, 15S, EV 72.5 MPH) Brett McEwen to second
|
|
Batting: RHB Alex Campos
|
0-0: Ball 1-0: Called Strike 1-1: Fly out, F9 (Flyball, 9, EV 82.5 MPH)
|
| Bottom of the 7th over - 1 run, 2 hits, 1 error, 2 left on base; Greensboro 1 - Atlanta (MID) 8 |
| TOP OF THE 8TH |
|
Greensboro Grasshoppers batting - Pitching for Atlanta (MID) Braves : RHP Dan Spahn
|
|
Batting: LHB Dong-u Chang
|
0-0: Ground out 1-3 (Groundball, 15S, EV 72.5 MPH)
|
|
Batting: RHB Miguel Velasco
|
0-0: Called Strike 0-1: Swinging Strike 0-2: Ball 1-2: Foul Ball, location: 2F 1-2: Ball 2-2: Foul Ball, location: 2F 2-2: Ground out U3 (Groundball, 3, EV 106.9 MPH)
|
|
Batting: LHB Justin Blakely
|
0-0: Called Strike 0-1: Ground out 3-1 (Groundball, 34, EV 86.2 MPH)
|
| Top of the 8th over - 0 runs, 0 hits, 0 errors, 0 left on base; Greensboro 1 - Atlanta (MID) 8 |
| BOTTOM OF THE 8TH |
|
Atlanta (MID) Braves batting - Pitching for Greensboro Grasshoppers : RHP Matt Alexander
|
|
Pinch Hitting: RHB George Provance
|
0-0: Called Strike 0-1: Foul Ball, location: 2F 0-2: Strikes out swinging
|
|
Batting: RHB Gabe Allen
|
0-0: Ball 1-0: Ground out 6-3 (Groundball, 6, EV 83.1 MPH)
|
|
Batting: LHB Eric Jackson
|
0-0: Called Strike 0-1: Ball 1-1: Foul Ball, location: 2F 1-2: Foul Ball, location: 2F 1-2: Ground out 6-3 (Groundball, 6, EV 105.6 MPH)
|
| Bottom of the 8th over - 0 runs, 0 hits, 0 errors, 0 left on base; Greensboro 1 - Atlanta (MID) 8 |
| TOP OF THE 9TH |
|
Greensboro Grasshoppers batting - Pitching for Atlanta (MID) Braves : RHP Dan Spahn
|
|
Now in LF: George Provance
|
|
|
Now in RF: Chris Trites
|
|
|
Batting: LHB Ryan Thompson
|
0-0: Fly out, F8 (Flyball, 78D, EV 86.9 MPH)
|
|
Batting: RHB J.D. Vander Klok
|
0-0: Swinging Strike 0-1: Swinging Strike 0-2: Ball 1-2: Foul Ball, location: 2F 1-2: Foul Ball, location: 2F 1-2: Ball 2-2: SINGLE (Groundball, 4MD, EV 101.9 MPH)
|
|
Batting: RHB Dennis Coppolino
|
0-0: Called Strike 0-1: Ball 1-1: Ball 2-1: Fly out, F8 (Flyball, 89S, EV 76.9 MPH)
|
|
Batting: RHB Nick Dunton
|
0-0: Called Strike 0-1: SINGLE (Groundball, 56D, EV 95.0 MPH) J.D. Vander Klok to second
|
|
Batting: RHB Tom Thompson
|
0-0: Called Strike 0-1: Ball Wild Pitch! J.D. Vander Klok to third Nick Dunton to second 1-1: Foul Ball, location: 2F 1-2: Ball 2-2: Ball 3-2: Strikes out swinging
|
| Top of the 9th over - 0 runs, 2 hits, 0 errors, 2 left on base; Greensboro 1 - Atlanta (MID) 8 |
|